Description

Masters practice

-increasing drone count -hitting important timings -deflecting important harass -getting to hive

Build Order

Why is there no SALT encoding or Overwolf build?

  12  0:00  Drone  
  13  0:13  Overlord  
  13  0:17  Drone  
  14  0:31  Drone x3  
  17  0:52  Hatchery  
  17  0:55  Drone x2  
  18  1:09  Extractor  
  17  1:14  Spawning Pool  
  17  1:17  Drone x2  
  18  1:29  Drone  
  21  2:03  Queen x2  
  27  2:08  Zergling x2  
  27  2:11  Metabolic Boost  
  27  2:12  Overlord  
  30  2:39  Queen  
  33  2:45  Queen  
  33  2:50  Overlord  
  44  3:20  Lair  
  44  3:28  Extractor x2, Zergling x4  
  44  3:30  Overlord  
  44  3:36  Overlord  
  54  4:02  Evolution Chamber  
  54  4:15  Extractor  
  54  4:16  Zergling x4  
  58  4:25  Spire  
  58  4:27  Zergling x4  
  59  4:33  Zergling x6  
  61  4:46  Zerg Melee Weapons Level 1  
  61  5:00  Hatchery  
  69  5:46  Mutalisk x7  
  81  6:01  Mutalisk  
  82  6:26  Mutalisk x2  
  92  6:37  Queen  
  97  7:24  Extractor x2, Zerg Flyer Weapons Level 1  
  98  7:45  Zerg Melee Weapons Level 2  
  102  8:44  Infestation Pit  
  106  8:50  Hatchery  
  104  9:37  Spine Crawler x2  
    2:00  Action  Scout 2:30
Spawning Tool Build Advisor. Get it on Overwolf

Go to:

Details

  • Created by: broseph
  • Published on: Sep 10, 2020
  • Modified on: Sep 10, 2020
  • Patch: 4.11.0
  • Difficulty: Medium
Show

Export as new Build Order

Comments (0)

There are no comments. Be the first!

Create an account to comment!